AoeStats
← Karamazov

Arabia

510799656Analyzed
1v1 RM · 9h ago on Oct 2, 2026· 44m 37s· 2 players
Game mode
Random Map
Map size
Tiny (2 player)
Population
200
Speed
Normal
Resources
Standard
Victory
Conquest
Starting age
Dark Age
Ending age
Imperial Age
RankedLock teamsTeams togetherTeam positionsShared explorationLock speedFull tech treeHidden civsTurbo modeCheats
Victory
Defeat
🇦🇷 Aztecs · Argentina
1317
+17
🇧🇷 Varangians · Brazil
1340
-17
Sting
2:21 Loom
10:49 Feudal Age
11:35 Double-Bit Axe
13:57 Horse Collar
20:18 Castle Age
18:34 Gold Mining
19:08 Scale Mail Armor
20:03 Forging
22:22 Chain Mail Armor
23:25 Pikeman
25:01 Sanctity
26:58 Iron Casting
27:11 Fervor
27:16 Town Watch
27:52 Fletching
29:40 Wheelbarrow
32:11 Hand Cart
36:48 Imperial Age
37:09 Bodkin Arrow
37:57 Conscription
38:13 Plate Mail Armor
38:21 Block Printing
38:32 Illumination
38:37 Garland Wars
39:58 Devotion
40:36 Theocracy
40:07 Town Patrol
41:25 Elite Jaguar Warrior
43:12 Blast Furnace
42:13 Bracer
Karamazov
6:14 Loom
8:45 Feudal Age
9:21 Double-Bit Axe
13:43 Bloodlines
21:29 Castle Age
20:15 Horse Collar
22:26 Bow Saw
23:00 Forging
24:21 Iron Casting
24:53 Scale Barding Armor
25:47 Bow Saw
26:37 Husbandry
28:36 Wheelbarrow
28:13 Gold Mining
32:51 Stone Mining
37:33 Imperial Age
36:22 Gambesons
36:37 Squires
36:39 Scale Mail Armor
38:33 Chain Mail Armor
39:34 Conscription
Connection lost

Rejoining the realm…

Still unreachable

The connection could not be restored.

Session expired

The server has moved on; the page needs a fresh start.